 Dungeon Crawl Stone Soup version 0.27-a0-906-g0a00ce863d (webtiles) character file.

Game seed: 12658330539313092570

67 jestyr24 the Sneak (level 4, 0/35 HPs)
             Began as a Djinni Delver on Apr 8, 2021.
             Slain by a phantom (6 damage)
             ... on level 2 of the Dungeon.
             The game lasted 00:09:02 (1940 turns).

jestyr24 the Sneak (Djinni Delver)                  Turns: 1940, Time: 00:09:03

Health: 0/35       AC:  3    Str: 11    XL:     4   Next: 16%
Gold:   41         EV: 12    Int: 13    God:
                   SH:  0    Dex: 14

rFire    + + .     SeeInvis .   a - +0 falchion
rCold    x . .     Faith    .   (no shield)
rNeg     . . .     Spirit   .   b - +0 leather armour
rPois    ∞         Reflect  .   (no helmet)
rElec    .         Harm     .   (no cloak)
rCorr    .         Rampage  .   (no gloves)
Will     .....                  (boots unavailable)
Stlth    ++........             (no amulet)
HPRegen  0.11/turn              (no ring)
MPRegen  0.00/turn              (no ring)

@: flying
A: fire resistance 2, cold vulnerability 1, float, innate caster, hp casting,
extra vitality 1
a: no special abilities


You were on level 2 of the Dungeon.
You visited 1 branch of the dungeon, and saw 4 of its levels.

You collected 41 gold pieces.

Inventory:

Hand Weapons
 a - a +0 falchion (weapon)
Missiles
 i - 14 arrows
Armour
 b - a +0 leather armour (worn)
 j - a +0 leather armour
 l - a +0 kite shield
Jewellery
 m - an amulet of faith
Wands
 g - a wand of digging (2)
Scrolls
 c - a scroll of fog
 d - a scroll of magic mapping
 e - a scroll of fear
 h - 2 scrolls of noise {unknown}
 k - a scroll of acquirement {unknown}
 n - a scroll of amnesia {unknown}
Potions
 f - a potion of haste


   Skills:
 + Level 3.4 Fighting
 - Level 2.1 Long Blades
 + Level 1.2 Armour
 + Level 2.5 Dodging
 - Level 4.2 Stealth
 * Level 1.0 Shields
 * Level 1.0 Spellcasting


You had 4 spell levels left.
You knew the following spells:

 Your Spells              Type           Power      Damage    Failure   Level
a - Magic Dart            Conj           12%        1d3       24%         1
Your spell library was empty.

Dungeon Overview and Level Annotations

Branches:
Dungeon (5/15)
 Temple: D:4-7

Altars:

Annotations:
D:3 Robin


Innate Abilities, Weirdness & Mutations

You are immune to poison.
Your flesh is very heat resistant. (rF++)
You are vulnerable to cold. (rC-)
You float through the air rather than walking.
You learn spells naturally, not from books.
Your magical power is your life essence.
You have superior vitality. (+4 HP)


Message History

You closely miss the phantom.
The phantom is lightly damaged.
You hear a shout! x2
The phantom completely misses you.
You riposte.
You closely miss the phantom. You miss the phantom. The phantom hits you.
The phantom blinks!
You blink.
The phantom hits you.
The phantom blinks!
You blink.
Found a stone staircase leading down.
A goblin, 2 hobgoblins and Robin come into view.
You barely miss the phantom.
The goblin shouts!
You hear a shout! x2
A ball python comes into view.
Robin roars a battlecry!
The goblins go into a battle-frenzy!
The phantom misses you.
You barely miss the phantom.
A hobgoblin comes into view.
The phantom closely misses you.
You hit the phantom.
The phantom is lightly damaged.
The phantom closely misses you.
A goblin comes into view.
It is wielding a +1 dagger of protection.
You miss the phantom.
The phantom is lightly damaged.
The goblin shouts!
The phantom hits you.
The phantom blinks!
You blink.
The goblin hits you with a club.
A goblin comes into view. It is wielding a +0 dagger. x2
A goblin comes into view. It is wielding a +0 club.
The phantom hits you!
* * * LOW HITPOINT WARNING * * *
There is a stone staircase leading up here.
The goblin no longer looks unusually strong.
The phantom completely misses you.
You fly upwards.
There is a stone staircase leading down here.
You closely miss the phantom. The phantom closely misses you.
You hit the phantom.
The phantom is lightly damaged.
The phantom hits you.
You die...

#.#######......................#.
..................###....##.#..#.
#.#######..................††....
#.#######..###.....#.............
...............................#.
.........#.###...........##....#.
.........#.# #...................
.........#.####W#...#....##......
................@...#....##..#...
.................................
...................##..........†.
.###.............................
............##.....##.....#...#.#
.####.########(#...##.....#...#.#
.........# #..##..##............
.........# #..##................
.........# #..##..##..#..<...#.#


You could see a phantom.

Vanquished Creatures
  Jessica (D:2)
  An adder (D:2)
  A worm (D:2)
  A bat (D:2)
  An endoplasm (D:3)
  A giant cockroach (D:2)
  2 goblins
  4 hobgoblins (D:2)
  5 jackals (D:2)
  4 kobolds
  3 ball pythons
  A frilled lizard (D:2)
  2 rats (D:2)
27 creatures vanquished.

Notes
Turn   | Place    | Note
-------+----------+-------------------------------------------
     0 | D:5      | jestyr24 the Djinni Delver began the quest for the Orb.
     0 | D:5      | Reached XP level 1. HP: 20/20 MP: 0/0
    34 | D:4      | Noticed a lemure
   174 | D:3      | Noticed a phantom
   375 | D:2      | Reached XP level 2. HP: 17/25 MP: 0/0
  1162 | D:2      | Reached XP level 3. HP: 25/30 MP: 0/0
  1162 | D:2      | Learned a level 1 spell: Magic Dart
  1557 | D:2      | Noticed Jessica
  1571 | D:2      | Killed Jessica
  1572 | D:2      | Reached skill level 1 in Armour
  1572 | D:2      | Reached skill level 1 in Shields
  1572 | D:2      | Reached skill level 1 in Spellcasting
  1572 | D:2      | Reached XP level 4. HP: 27/35 MP: 0/0
  1926 | D:3      | Noticed Robin
  1940 | D:2      | Slain by a phantom

Illustrated notes

Levels and vault maps discovered:
D:2:      layout_basic, uniq_jessica
D:3:      layout_loops_ring, serial_glass, glass_columns_a, glass_columns_c,
          uniq_robin
D:4:      layout_loops_cross, uniq_pikel, uniq_eustachio, uniq_ijyb
D:5:      layout_loops_ring, minmay_tree_intersection, uniq_blork_the_orc

Skill      XL: |  1  2  3 |
---------------+----------+-----
Long Blades    | 2 |  2.1
Armour         | 1 |  1.2
Shields        | 1 |  1.0
Spellcasting   | 1 |  1.0
Fighting       | |  3.4
Dodging        | |  2.5
Stealth        | |  4.2

Action                   |  1- 3 |  4- 6 || total
-------------------------+-------+-------++-------
Melee: Falchion          |    80 |    17 ||    97
 Cast: Magic Dart        |     9 |     4 ||    13
Evoke: Wand              |     1 |       ||     1
 Stab: Sleeping          |     4 |       ||     4
Armor: Leather armour    |    15 |     7 ||    22
Dodge: Dodged            |    56 |    14 ||    70
       Rpst.: Falchion   |    17 |     5 ||    22

Table legend: (Time is in decaauts)
 A = Elapsed time spent in this place.
 B = Non-inter-level travel time spent in this place.
 C = Inter-level travel time spent in this place.
 D = Time resting spent in this place.
 E = Time spent auto-exploring this place.
 F = Levels seen in this place.
 G = Mean time per level.
                   A        B        C        D        E       F      G
               +--------+--------+--------+--------+--------+-----+--------+
         Total |   1959 |   1885 |     74 |    681 |    816 |   4 |  489.8 |
       Dungeon |   1959 |   1885 |     74 |    681 |    816 |   4 |  489.8 |
               +--------+--------+--------+--------+--------+-----+--------+

Top non-repeatable levels by time:
     D:2: 1755 daAuts
     D:4: 113 daAuts
     D:3: 76 daAuts
     D:5: 14 daAuts
